 Dungeon Crawl Stone Soup version 0.19.1 (webtiles) character file.

176 Rrauwl the Slasher (level 5, -19/41 HPs)
             Began as a Human Fighter on Nov 25, 2016.
             Demolished by an ogre
             ... wielding a +0 giant spiked club
              (25 damage)
             ... on level 4 of the Dungeon.
             The game lasted 00:13:28 (3038 turns).

Rrauwl the Slasher (Human Fighter)                  Turns: 3038, Time: 00:13:29

Health: -19/41     AC: 11    Str: 15 (16) XL:     5   Next: 86%
Magic:  5/5        EV:  2    Int:  7 (9)  God:
Gold:   157        SH:  8    Dex: 12 (13) Spells: 0 memorised, 4 levels left

rFire  . . .     SeeInvis .     a - +0 long sword
rCold  . . .     Gourm    .     q - +0 plate armour
rNeg   . . .     Faith    +     c - +0 shield
rPois  .         Spirit   .     (no helmet)
rElec  .         Reflect  .     (no cloak)
rCorr  .         Harm     .     (no gloves)
MR     .....                    (no boots)
Stlth  ..........               h - amulet of faith
                                (no ring)
                                (no ring)

@: no status effects
A: no striking features
a: no special abilities


You were on level 4 of the Dungeon.
You were not hungry.

You visited 1 branch of the dungeon, and saw 4 of its levels.

You collected 157 gold pieces.

Inventory:

Hand Weapons
 a - a +0 long sword (weapon)
Armour
 c - a +0 shield (worn)
 q - a +0 plate armour (worn)
Jewellery
 h - an amulet of faith (around neck)
Wands
 i - a wand of digging (11/24)
Scrolls
 g - a scroll of remove curse
 s - a scroll of recharging
Potions
 d - a potion of might
 e - 2 potions of magic
 j - a potion of flight
Books
 t - a book of Misfortune

   Spells                             Type                      Level
   a - Confusing Touch                Hexes                        1
   b - Confuse                        Hexes                        3
   c - Gell's Gravitas                Hexes/Translocation          3
   d - Petrify                        Transmutation/Earth          4
   e - Metabolic Englaciation         Hexes/Ice                    5
   f - Yara's Violent Unravelling     Hexes/Transmutation          5
Comestibles
 b - 4 meat rations
 f - 4 bread rations
 k - a chunk of flesh
 n - a beef jerky


   Skills:
 - Level 3.0 Fighting
 + Level 5.6 Long Blades
 - Level 3.0 Armour
 - Level 3.0 Shields


You had 4 spell levels left.
You didn't know any spells.

Dungeon Overview and Level Annotations

Branches:
Dungeon (4/15)
 Temple: D:4-7

Altars:


Message History

You closely miss the ogre.
The ogre is moderately wounded.
You block the ogre's attack.
Your plate armour prevents you from hitting the ogre.
The ogre is moderately wounded.
The ogre hits you with a giant spiked club.
You hit the ogre but do no damage.
The ogre is moderately wounded.
The ogre hits you with a giant spiked club!
* * * LOW HITPOINT WARNING * * *
You hit the ogre but do no damage.
The ogre is moderately wounded.
You barely miss the ogre.
The ogre is moderately wounded.
The ogre hits you but does no damage.
You hit the ogre.
The ogre is moderately wounded.
The ogre hits you with a giant spiked club!!
Ouch! That really hurt!
You die...

# #.#...# #:
#...### ###
#.###.(.#
....#.#.#.#.##
...O....#....#
#.......$##..#
.##.##......#
#O..##.#
#@...#.#
#.####.#
.......$(?...#
..#......#####
#.......
#.....###
#.....+
#.....#
#.....#


You could see an ogre.

Vanquished Creatures
  An orc wizard (D:3)
  5 adders
  4 worms (D:2)
  4 dart slugs
  3 leopard geckos
  4 orcs (D:3)
  8 bats
  3 giant cockroaches
  13 goblins
  8 hobgoblins
  7 jackals
  5 kobolds
  A quokka (D:3)
  2 ball pythons
  5 frilled lizards
  7 rats
80 creatures vanquished.

Notes
Turn   | Place    | Note
-------+----------+-------------------------------------------
     0 | D:1      | Rrauwl the Human Fighter began the quest for the Orb.
     0 | D:1      | Reached XP level 1. HP: 18/18 MP: 1/1
   182 | D:1      | Reached XP level 2. HP: 23/24 MP: 2/2
   322 | D:1      | Reached skill level 3 in Long Blades
   630 | D:2      | Reached XP level 3. HP: 29/29 MP: 3/3
  1142 | D:2      | Reached XP level 4. HP: 33/35 MP: 4/4
  1191 | D:2      | Reached skill level 4 in Long Blades
  1705 | D:3      | Reached XP level 5. HP: 34/41 MP: 5/5
  1809 | D:3      | Reached skill level 5 in Long Blades
  3022 | D:4      | Noticed an ogre
  3038 | D:4      | Demolished by an ogre

Skill      XL: |  1  2  3  4  5 |
---------------+----------------+-----
Long Blades    | 3 4 5 |  5.6
Fighting       | |  3.0
Armour         | |  3.0
Shields        | |  3.0

Action                   |  1- 3 |  4- 6 || total
-------------------------+-------+-------++-------
Melee: Long sword        |   118 |   239 ||   357
  Use: Potion            |       |     8 ||     8
       Scroll            |       |     6 ||     6
  Eat: Chunk             |     1 |     7 ||     8
Armor: Scale mail        |    22 |       ||    22
       Plate armour      |    32 |   177 ||   209
Dodge: Dodged            |    18 |    27 ||    45
Block: Shield            |    42 |   102 ||   144
       Rpst.: Long sword |     5 |    15 ||    20
